ATLANTIC CITY RIVERKINGS vs NEW HAVEN WARTHOGS

Created - 5 mai 2024 at 23:07

Goals
1 2 3 T
ATLANTIC CITY RIVERKINGS 1 3 2 6
NEW HAVEN WARTHOGS 0 2 0 2
Shots
1 2 3 T
ATLANTIC CITY RIVERKINGS 17 13 13 43
NEW HAVEN WARTHOGS 12 12 15 39

1st period

1. ATLANTIC CITY RIVERKINGS , Hudson Fasching 4 (Jordan Greenway 1) at 10:13

Penalties :
William Lagesson (NHW) for Roughing (Minor) at 6:15, Nicklaus Perbix (NHW) for Delaying the game (Minor) at 6:20, Nathan Walker (ATL) for Hooking (Minor) at 19:04

2nd period

2. NEW HAVEN WARTHOGS , Brendan Gallagher 2 (Steven Lorentz 3) at 4:53 (PP)
3. ATLANTIC CITY RIVERKINGS , Hudson Fasching 5 (Mason Shaw 1, Jalen Chatfield 1) at 12:45 (PP)
4. ATLANTIC CITY RIVERKINGS , Hudson Fasching 6 (Mason Shaw 2, Jordan Greenway 2) at 13:46
5. ATLANTIC CITY RIVERKINGS , Ben Harpur 1 (Karson Kuhlman 4, Nathan Walker 1) at 16:31 (PP)
6. NEW HAVEN WARTHOGS , Rasmus Asplund 2 (Filip Zadina 2, Aliaksei Protas 1) at 19:53

Penalties :
Mark Kastelic (NHW) for Tripping (Minor) at 1:06, John Beecher (ATL) for Slashing (Minor) at 4:39, Ben Harpur (ATL) for Slashing (Minor) at 8:14, Nicklaus Perbix (NHW) for High sticking (Minor) at 11:28, William Lagesson (NHW) for Roughing (Minor) at 15:31

3rd period

7. ATLANTIC CITY RIVERKINGS , Ilya Solovyov 2 (Drew O'Connor 2, Dylan Holloway 2) at 12:52
8. ATLANTIC CITY RIVERKINGS , Jordan Greenway 1 (Jalen Chatfield 2, Dylan Holloway 3) at 14:01

Penalties :
Dean Stewart (NHW) for Hooking (Minor) at 1:11, Trevor Carrick (ATL) for Hooking (Minor) at 6:19, Aliaksei Protas (NHW) for Slashing (Double Minor) at 14:06, Dillon Heatherington (ATL) for Holding (Minor) at 14:06, Ilya Solovyov (ATL) for Elbowing (Minor) at 18:08

Goalie Stats

Spencer Knight (ATL), 37 saves from 39 shots - (0,949), W, 3-0-1, 60:00 minutes
Akira Schmid (NHW), 37 saves from 43 shots - (0,860), L, 1-1-0, 60:00 minutes

Players Stats for ATLANTIC CITY RIVERKINGS

Player Name              G  A  P  +/- PIM S  H  SB GA TA FO     MP     PP MP  PK MP  
------------------------------------------------------------------------------------
Ben Harpur               1  0  1  -1  2   3  1  1  0  0  0/0    20:52   4:16   2:47 
Carsen Twarynski         0  0  0   0  0   0  1  0  0  0  2/2    10:28   0:00   0:33 
Cole Reinhardt           0  0  0   0  0   0  0  0  0  0  0/0     0:59   0:39   0:02 
Dillon Heatherington     0  0  0  -1  2   0  2  1  0  0  0/0    21:22   4:53   3:39 
Drew O'Connor            0  1  1   1  0   3  2  0  0  0  0/2    12:18   0:00   1:28 
Dylan Holloway           0  2  2   1  0   1  0  0  0  0  5/19   10:54   0:02   0:02 
Garrett Pilon            0  0  0   0  0   0  0  0  0  0  0/0     0:39   0:39   0:00 
Hudson Fasching          3  0  3   2  0   10 2  0  0  0  0/3    25:40   4:44   4:56 
Ilya Solovyov            1  0  1   1  2   2  2  0  0  0  0/0    13:55   0:41   0:00 
Jalen Chatfield          0  2  2   3  0   0  1  4  0  0  0/0    24:33   5:24   3:36 
John Beecher             0  0  0   0  2   2  2  0  0  0  12/16   9:54   0:00   0:00 
Jordan Greenway          1  2  3   3  0   7  2  0  0  0  9/16   25:59   4:44   4:38 
Karson Kuhlman           0  1  1   0  0   3  1  0  0  0  8/25   18:45   4:56   0:00 
Mason Shaw               0  2  2   2  0   2  1  0  0  0  1/13   10:27   5:21   0:00 
Nathan Walker            0  1  1   0  2   5  5  0  0  0  4/10   21:38   4:56   1:54 
Nick Cicek               0  0  0   1  0   0  1  0  0  0  0/0    14:48   0:00   2:32 
Phillip DiGiuseppe       0  0  0   0  0   5  1  0  0  0  2/4    22:18   4:56   2:33 
Trevor Carrick           0  0  0   3  2   0  1  1  0  0  0/0    24:24   5:24   3:28 

Players Stats for NEW HAVEN WARTHOGS

Player Name              G  A  P  +/- PIM S  H  SB GA TA FO     MP     PP MP  PK MP  
------------------------------------------------------------------------------------
Aliaksei Protas          0  1  1   0  4   4  1  0  0  0  21/38  21:05   4:41   2:32 
Brendan Gallagher        1  0  1  -1  0   5  0  0  0  0  2/2    15:37   4:00   5:15 
Dean Stewart             0  0  0   1  2   0  1  0  0  0  0/0    21:29   1:03   3:28 
Declan Carlile           0  0  0  -4  0   1  1  1  0  0  0/0    28:03   2:31   5:20 
Filip Zadina             0  1  1   0  0   2  2  0  0  0  2/3    18:49   4:35   0:21 
Henry Thrun              0  0  0   0  0   0  0  1  0  0  0/0    23:59   4:39   5:26 
Joel Teasdale            0  0  0  -1  0   1  0  0  0  0  0/0    11:25   0:39   0:00 
Justin Bailey            0  0  0  -1  0   0  0  0  0  0  1/2    11:43   0:00   1:48 
Mark Kastelic            0  0  0  -2  2   5  5  1  0  0  8/15   21:16   3:27   2:49 
Matt Rempe               0  0  0   0  0   0  0  0  0  0  0/0     0:00   0:00   0:00 
Max Ellis                0  0  0  -1  0   0  0  0  0  0  1/1     9:55   0:00   0:00 
Mikael Pyyhtia           0  0  0  -1  0   0  1  0  0  0  7/18   10:46   0:00   0:00 
Nicklaus Perbix          0  0  0  -4  4   4  0  2  0  0  0/0    17:15   2:33   2:53 
Rasmus Asplund           1  0  1   0  0   7  0  2  0  0  2/3    18:48   3:23   0:49 
Ryan Suzuki              0  0  0   0  0   0  1  0  0  0  1/1     2:36   0:52   0:00 
Steven Lorentz           0  1  1  -2  0   10 0  2  0  0  22/27  24:25   3:08   5:10 
William Lagesson         0  0  0   1  4   0  5  0  0  0  0/0    26:07   4:39   3:08 
Zachary Jones            0  0  0   0  0   0  0  1  0  0  0/0     2:23   0:00   0:22 

3 Stars

1 - Hudson Fasching (ATL)
2 - Jordan Greenway (ATL)
3 - Jalen Chatfield (ATL)

Power Play

ATLANTIC CITY RIVERKINGS - 2 on 7 Attempt(s) - 28,57%
NEW HAVEN WARTHOGS - 1 on 5 Attempt(s) - 20,00%

Penalty Kill

ATLANTIC CITY RIVERKINGS - 4 on 5 Attempt(s) - 80,00% - Score 0 goal in Penalty Kill
NEW HAVEN WARTHOGS - 5 on 7 Attempt(s) - 71,43% - Score 0 goal in Penalty Kill

Team Stat

ATLANTIC CITY RIVERKINGS - Hits : 25 - Faceoff Wins : 43 - Blocked Shots : 7 - Penalty Minutes : 12
NEW HAVEN WARTHOGS - Hits : 17 - Faceoff Wins : 67 - Blocked Shots : 10 - Penalty Minutes : 16

Official

Referees : Ben O'Quinn and Kendrick Nicholson
Linesman : Tony Sericolo and Steven Walsh

Game Notes

Zachary Jones is injured at 6:42 of 1st period (Left Ankle)
Hudson Fasching has scored a Hat Trick!

ATLANTIC CITY RIVERKINGS

5 vs 5 Forward 
   Center                   Left Wing                Right Wing               Time % Phy DF OF 
 1 Mason Shaw               Jordan Greenway          Hudson Fasching          36     1   2  2  
 2 Karson Kuhlman           Nathan Walker            Phillip DiGiuseppe       31     1   2  2  
 3 Dylan Holloway           Drew O'Connor            Jordan Greenway          23     1   2  2  
 4 John Beecher             Carsen Twarynski         Hudson Fasching          10     1   2  2  

5 vs 5 Defense 
   Defense                  Defense                                           Time % Phy DF OF 
 1 Trevor Carrick           Jalen Chatfield                                   36     1   2  2  
 2 Ben Harpur               Dillon Heatherington                              31     1   2  2  
 3 Ilya Solovyov            Nick Cicek                                        23     1   2  2  
 4 Trevor Carrick           Jalen Chatfield                                   10     1   2  2  

PowerPlay Forward 
   Center                   Left Wing                Right Wing               Time % Phy DF OF 
 1 Mason Shaw               Jordan Greenway          Hudson Fasching          55     1   2  2  
 2 Karson Kuhlman           Nathan Walker            Phillip DiGiuseppe       45     1   2  2  

PowerPlay Defense
   Defense                  Defense                                           Time % Phy DF OF 
 1 Trevor Carrick           Jalen Chatfield                                   55     1   2  2  
 2 Ben Harpur               Dillon Heatherington                              45     1   2  2  

Penalty Kill 4 Players Forward 
   Center                   Wing                     Time % Phy DF OF 
 1 Jordan Greenway          Hudson Fasching          55     1   2  2  
 2 Nathan Walker            Phillip DiGiuseppe       45     1   2  2  

Penalty Kill 4 Players Defense
   Defense                  Defense                  Time % Phy DF OF 
 1 Trevor Carrick           Jalen Chatfield          55     1   2  2  
 2 Ben Harpur               Dillon Heatherington     45     1   2  2  

Penalty Kill - 3 Players Forward 
   Forward                                           Time % Phy DF OF 
 1 Jordan Greenway                                   55     1   2  2  
 2 Hudson Fasching                                   45     1   2  2  

Penalty Kill - 3 Players Defense
   Defense                  Defense                  Time % Phy DF OF 
 1 Trevor Carrick           Jalen Chatfield          55     1   2  2  
 2 Ben Harpur               Dillon Heatherington     45     1   2  2  

4 vs 4 Forward 
   Center                   Wing                     Time % Phy DF OF 
 1 Jordan Greenway          Hudson Fasching          55     1   2  2  
 2 Nathan Walker            Phillip DiGiuseppe       45     1   2  2  

4 vs 4 Defense
   Defense                  Defense                  Time % Phy DF OF 
 1 Trevor Carrick           Jalen Chatfield          55     1   2  2  
 2 Ben Harpur               Dillon Heatherington     45     1   2  2  

Last Minutes Offensive
   Center                   Left Wing                Right Wing               Defense                  Defense                  
   Mason Shaw               Jordan Greenway          Hudson Fasching          Trevor Carrick           Jalen Chatfield          

Last Minutes Defensive
   Center                   Left Wing                Right Wing               Defense                  Defense                  
   Mason Shaw               Jordan Greenway          Hudson Fasching          Trevor Carrick           Jalen Chatfield          

Goaltenders
Starting : Spencer Knight           
Backup : Ivan Prosvetov           

Extra Forwards
Normal : Cole Reinhardt, Garrett Pilon, Drew O'Connor - PP : Cole Reinhardt, Garrett Pilon - PK : Drew O'Connor
Extra Defensemen
Normal : Ilya Solovyov, Nick Cicek, Ben Harpur - PP : Ilya Solovyov - PK : Nick Cicek, Ben Harpur
Penalty Shots
Jordan Greenway, Hudson Fasching, Nathan Walker, Phillip DiGiuseppe, Mason Shaw

Scratches
Givani Smith (Healthy), Anthony Angello (Healthy), Ben McCartney (Healthy), Olli Juolevi (Torn Left ACL Injury), Benton Maass (Healthy)
Aleksi Heponiemi (Healthy), Jackson Cates (Healthy), Liam Kirk (Healthy), Matej Pekar (Healthy), Connor Hvidston (Healthy)
Trey Fix-Wolansky (Healthy), Ronald Attard (Right Foot Injury), Rourke Chartier (Healthy), Jeremie Biakabutuka (Healthy), Spencer Smallman (Healthy)
Nicolas Daws (Healthy)

NEW HAVEN WARTHOGS

5 vs 5 Forward 
   Center                   Left Wing                Right Wing               Time % Phy DF OF 
 1 Steven Lorentz           Mark Kastelic            Brendan Gallagher        36     1   2  2  
 2 Aliaksei Protas          Rasmus Asplund           Filip Zadina             31     1   2  2  
 3 Mark Kastelic            Justin Bailey            Max Ellis                23     1   2  2  
 4 Mikael Pyyhtia           Joel Teasdale            Steven Lorentz           10     1   2  2  

5 vs 5 Defense 
   Defense                  Defense                                           Time % Phy DF OF 
 1 Nicklaus Perbix          Declan Carlile                                    36     1   2  2  
 2 William Lagesson         Henry Thrun                                       31     1   2  2  
 3 Dean Stewart             Zachary Jones                                     23     1   2  2  
 4 Nicklaus Perbix          Declan Carlile                                    10     1   2  2  

PowerPlay Forward 
   Center                   Left Wing                Right Wing               Time % Phy DF OF 
 1 Steven Lorentz           Mark Kastelic            Brendan Gallagher        55     1   2  2  
 2 Aliaksei Protas          Rasmus Asplund           Filip Zadina             45     1   2  2  

PowerPlay Defense
   Defense                  Defense                                           Time % Phy DF OF 
 1 Nicklaus Perbix          Declan Carlile                                    55     1   2  2  
 2 William Lagesson         Henry Thrun                                       45     1   2  2  

Penalty Kill 4 Players Forward 
   Center                   Wing                     Time % Phy DF OF 
 1 Steven Lorentz           Brendan Gallagher        55     1   2  2  
 2 Aliaksei Protas          Mark Kastelic            45     1   2  2  

Penalty Kill 4 Players Defense
   Defense                  Defense                  Time % Phy DF OF 
 1 Nicklaus Perbix          Declan Carlile           55     1   2  2  
 2 William Lagesson         Henry Thrun              45     1   2  2  

Penalty Kill - 3 Players Forward 
   Forward                                           Time % Phy DF OF 
 1 Steven Lorentz                                    55     1   2  2  
 2 Brendan Gallagher                                 45     1   2  2  

Penalty Kill - 3 Players Defense
   Defense                  Defense                  Time % Phy DF OF 
 1 Nicklaus Perbix          Declan Carlile           55     1   2  2  
 2 William Lagesson         Henry Thrun              45     1   2  2  

4 vs 4 Forward 
   Center                   Wing                     Time % Phy DF OF 
 1 Steven Lorentz           Brendan Gallagher        55     1   2  2  
 2 Aliaksei Protas          Rasmus Asplund           45     1   2  2  

4 vs 4 Defense
   Defense                  Defense                  Time % Phy DF OF 
 1 Nicklaus Perbix          Declan Carlile           55     1   2  2  
 2 William Lagesson         Henry Thrun              45     1   2  2  

Last Minutes Offensive
   Center                   Left Wing                Right Wing               Defense                  Defense                  
   Steven Lorentz           Aliaksei Protas          Brendan Gallagher        Nicklaus Perbix          Declan Carlile           

Last Minutes Defensive
   Center                   Left Wing                Right Wing               Defense                  Defense                  
   Steven Lorentz           Aliaksei Protas          Brendan Gallagher        Nicklaus Perbix          Declan Carlile           

Goaltenders
Starting : Akira Schmid             
Backup : Arvid Soderblom          

Extra Forwards
Normal : Ryan Suzuki, Mark Kastelic, Justin Bailey - PP : Ryan Suzuki, Mark Kastelic - PK : Justin Bailey
Extra Defensemen
Normal : Dean Stewart, Zachary Jones, William Lagesson - PP : Dean Stewart - PK : Zachary Jones, William Lagesson
Penalty Shots
Steven Lorentz, Brendan Gallagher, Aliaksei Protas, Justin Bailey, Rasmus Asplund

Scratches
Cameron Crotty (Healthy), Jake Neighbours (Bruised Right Shoulder Injury), Bogdan Trineyev (Healthy), Elmer Soderblom (Right Foot Injury), Jack St. Ivany (Healthy)
Luka Profaca (Healthy), Tyrel Bauer (Healthy), Dylan Garand (Healthy), Sebastian Cossa (Healthy)

% Time on Ice - ATLANTIC CITY RIVERKINGS

Lines # - Real PCT - Wanted PCT - Time Play
Normal Forward
1 - 13% - 36% - 5:06
2 - 35% - 31% - 13:49
3 - 27% - 23% - 10:50
4 - 25% - 10% - 9:55
Normal Defense
1 - 34% - 36% - 13:33
2 - 32% - 31% - 12:51
3 - 31% - 23% - 12:16
4 - 3% - 10% - 1:00
PP Forward
1 - 52% - 55% - 5:23
2 - 48% - 45% - 4:56
PP Defense
1 - 52% - 55% - 5:24
2 - 48% - 45% - 4:55
PK Forward
1 - 68% - 55% - 5:29
2 - 32% - 45% - 2:33
PK Defense
1 - 55% - 55% - 4:23
2 - 45% - 45% - 3:39
PK3 Forward
1 - 0% - 55%
2 - 0% - 45%
PK3 Defense
1 - 0% - 55%
2 - 0% - 45%
44 Forward
1 - 50% - 55% - 0:59
2 - 50% - 45% - 1:00
44 Defense
1 - 50% - 55% - 1:00
2 - 50% - 45% - 0:59
Last Minute Offensive  - 0:00
Last Minute Defensive  - 0:00
Total
Forward - 60:00
Defense - 60:00

% Time on Ice - NEW HAVEN WARTHOGS

Lines # - Real PCT - Wanted PCT - Time Play
Normal Forward
1 - 13% - 36% - 5:06
2 - 35% - 31% - 13:53
3 - 25% - 23% - 9:55
4 - 27% - 10% - 10:46
Normal Defense
1 - 25% - 36% - 9:50
2 - 30% - 31% - 11:56
3 - 43% - 23% - 17:02
4 - 2% - 10% - 0:52
PP Forward
1 - 50% - 55% - 4:00
2 - 50% - 45% - 4:02
PP Defense
1 - 34% - 55% - 2:44
2 - 66% - 45% - 5:18
PK Forward
1 - 51% - 55% - 4:17
2 - 49% - 45% - 4:08
PK Defense
1 - 50% - 55% - 4:14
2 - 50% - 45% - 4:11
PK3 Forward
1 - 49% - 55% - 0:56
2 - 51% - 45% - 0:58
PK3 Defense
1 - 60% - 55% - 1:08
2 - 40% - 45% - 0:46
44 Forward
1 - 64% - 55% - 1:16
2 - 36% - 45% - 0:43
44 Defense
1 - 55% - 55% - 1:05
2 - 45% - 45% - 0:54
Last Minute Offensive  - 0:00
Last Minute Defensive  - 0:00
Total
Forward - 60:00
Defense - 60:00

Play-by-Play

1st period


0:01 of 1st period - Steven Lorentz wins face-off versus Mason Shaw in neutral zone.
0:05 of 1st period - Brendan Gallagher is hit by Jalen Chatfield and loses puck.
0:18 of 1st period - Shot by Brendan Gallagher.
0:18 of 1st period - Shot Blocked by Jalen Chatfield.
0:28 of 1st period - Shot by Brendan Gallagher.
0:28 of 1st period - Stopped by Spencer Knight without a rebound.
0:29 of 1st period - Karson Kuhlman wins face-off versus Aliaksei Protas in ATLANTIC CITY RIVERKINGS zone.
0:37 of 1st period - Icing by Nathan Walker.
0:38 of 1st period - Filip Zadina wins face-off versus Nathan Walker in ATLANTIC CITY RIVERKINGS zone.
0:49 of 1st period - Shot by Karson Kuhlman.
0:49 of 1st period - Stopped by Akira Schmid with a rebound.
0:53 of 1st period - Shot by Phillip DiGiuseppe.
0:53 of 1st period - Shot Blocked by Rasmus Asplund.
1:37 of 1st period - Shot by Drew O'Connor.
1:37 of 1st period - Shot Blocked by Rasmus Asplund.
1:39 of 1st period - Shot by Nick Cicek.
1:39 of 1st period - Shot Misses the Net.
1:41 of 1st period - Shot by Dylan Holloway.
1:41 of 1st period - Stopped by Akira Schmid without a rebound.
1:42 of 1st period - Carsen Twarynski wins face-off versus Mark Kastelic in NEW HAVEN WARTHOGS zone.
1:47 of 1st period - Shot by Hudson Fasching.
1:47 of 1st period - Stopped by Akira Schmid with a rebound.
2:04 of 1st period - Shot by Hudson Fasching.
2:04 of 1st period - Shot Misses the Net.
2:51 of 1st period - Shot by Nicklaus Perbix.
2:51 of 1st period - Stopped by Spencer Knight without a rebound.
2:52 of 1st period - Karson Kuhlman wins face-off versus Mikael Pyyhtia in ATLANTIC CITY RIVERKINGS zone.
2:57 of 1st period - Nicklaus Perbix is hit by Nathan Walker and loses puck.
3:05 of 1st period - Steven Lorentz is hit by Dillon Heatherington and loses puck.
3:28 of 1st period - Shot by Karson Kuhlman.
3:28 of 1st period - Shot Misses the Net.
4:02 of 1st period - Filip Zadina is hit by Ilya Solovyov and loses puck.
4:14 of 1st period - Off-side.
4:15 of 1st period - Mark Kastelic wins face-off versus John Beecher in neutral zone.
4:38 of 1st period - Shot by Max Ellis.
4:38 of 1st period - Shot Misses the Net.
4:46 of 1st period - Shot by Mark Kastelic.
4:46 of 1st period - Stopped by Spencer Knight without a rebound.
4:47 of 1st period - Aliaksei Protas wins face-off versus Dylan Holloway in ATLANTIC CITY RIVERKINGS zone.
4:48 of 1st period - Shot by Filip Zadina.
4:48 of 1st period - Stopped by Spencer Knight without a rebound.
4:49 of 1st period - Dylan Holloway wins face-off versus Aliaksei Protas in ATLANTIC CITY RIVERKINGS zone.
4:49 of 1st period - Dylan Holloway is hit by Filip Zadina.
5:12 of 1st period - Shot by Jordan Greenway.
5:12 of 1st period - Stopped by Akira Schmid without a rebound.
5:13 of 1st period - Brendan Gallagher wins face-off versus Phillip DiGiuseppe in NEW HAVEN WARTHOGS zone.
5:47 of 1st period - Shot by Brendan Gallagher.
5:47 of 1st period - Stopped by Spencer Knight without a rebound.
5:48 of 1st period - Aliaksei Protas wins face-off versus Hudson Fasching in ATLANTIC CITY RIVERKINGS zone.
6:01 of 1st period - Shot by Rasmus Asplund.
6:01 of 1st period - Shot Blocked by Jalen Chatfield.
6:14 of 1st period - Mason Shaw is hit by William Lagesson and loses puck.
6:15 of 1st period - Minor Penalty to William Lagesson for Roughing.
6:16 of 1st period - Phillip DiGiuseppe wins face-off versus Steven Lorentz in NEW HAVEN WARTHOGS zone.
6:20 of 1st period - Minor Penalty to Nicklaus Perbix for Delaying the game.
6:21 of 1st period - Karson Kuhlman wins face-off versus Steven Lorentz in NEW HAVEN WARTHOGS zone.
6:22 of 1st period - Shot by Nathan Walker.
6:22 of 1st period - Stopped by Akira Schmid without a rebound.
6:23 of 1st period - Steven Lorentz wins face-off versus Mason Shaw in NEW HAVEN WARTHOGS zone.
6:42 of 1st period - Shot by Hudson Fasching.
6:42 of 1st period - Shot Blocked by Zachary Jones.
6:42 of 1st period - Zachary Jones from NEW HAVEN WARTHOGS is injured at 6:42 of 1st period (Left Ankle).
6:43 of 1st period - Brendan Gallagher wins face-off versus Phillip DiGiuseppe in NEW HAVEN WARTHOGS zone.
8:14 of 1st period - Shot by Phillip DiGiuseppe.
8:14 of 1st period - Shot Misses the Net.
8:22 of 1st period - Shot by Drew O'Connor.
8:22 of 1st period - Shot Misses the Net.
8:34 of 1st period - Drew O'Connor is hit by Mark Kastelic.
8:43 of 1st period - Ilya Solovyov is hit by Mark Kastelic.
8:52 of 1st period - Icing by Ilya Solovyov.
8:53 of 1st period - Aliaksei Protas wins face-off versus Dylan Holloway in ATLANTIC CITY RIVERKINGS zone.
8:54 of 1st period - Shot by Rasmus Asplund.
8:54 of 1st period - Stopped by Spencer Knight without a rebound.
8:55 of 1st period - John Beecher wins face-off versus Aliaksei Protas in ATLANTIC CITY RIVERKINGS zone.
8:55 of 1st period - John Beecher is hit by Filip Zadina.
9:09 of 1st period - Shot by Hudson Fasching.
9:09 of 1st period - Stopped by Akira Schmid without a rebound.
9:10 of 1st period - Karson Kuhlman wins face-off versus Mikael Pyyhtia in NEW HAVEN WARTHOGS zone.
9:15 of 1st period - Shot by Karson Kuhlman.
9:15 of 1st period - Stopped by Akira Schmid without a rebound.
9:16 of 1st period - Steven Lorentz wins face-off versus Karson Kuhlman in NEW HAVEN WARTHOGS zone.
9:30 of 1st period - Shot by Phillip DiGiuseppe.
9:30 of 1st period - Deflect By Nathan Walker.
9:30 of 1st period - Shot Misses the Net.
10:13 of 1st period - Shot by Hudson Fasching.
10:13 of 1st period - Goal by Hudson Fasching - ATLANTIC CITY RIVERKINGS : 1 - NEW HAVEN WARTHOGS : 0.
10:14 of 1st period - John Beecher wins face-off versus Aliaksei Protas in neutral zone.
10:30 of 1st period - Shot by Aliaksei Protas.
10:30 of 1st period - Shot Misses the Net.
10:53 of 1st period - Icing by Jalen Chatfield.
10:54 of 1st period - John Beecher wins face-off versus Mikael Pyyhtia in ATLANTIC CITY RIVERKINGS zone.
11:10 of 1st period - Icing by Joel Teasdale.
11:11 of 1st period - Mikael Pyyhtia wins face-off versus Dylan Holloway in NEW HAVEN WARTHOGS zone.
11:16 of 1st period - Shot by Drew O'Connor.
11:16 of 1st period - Shot Misses the Net.
11:18 of 1st period - Shot by Jordan Greenway.
11:18 of 1st period - Stopped by Akira Schmid with a rebound.
12:03 of 1st period - Shot by Nathan Walker.
12:03 of 1st period - Stopped by Akira Schmid with a rebound.
12:05 of 1st period - Shot by Karson Kuhlman.
12:05 of 1st period - Shot Misses the Net.
12:07 of 1st period - Shot by Phillip DiGiuseppe.
12:07 of 1st period - Stopped by Akira Schmid without a rebound.
12:08 of 1st period - Aliaksei Protas wins face-off versus Hudson Fasching in NEW HAVEN WARTHOGS zone.
12:08 of 1st period - Aliaksei Protas is hit by Carsen Twarynski.
12:39 of 1st period - Shot by Rasmus Asplund.
12:39 of 1st period - Stopped by Spencer Knight without a rebound.
12:40 of 1st period - Mark Kastelic wins face-off versus Karson Kuhlman in ATLANTIC CITY RIVERKINGS zone.
13:04 of 1st period - Shot by Nathan Walker.
13:04 of 1st period - Stopped by Akira Schmid with a rebound.
13:06 of 1st period - Shot by Karson Kuhlman.
13:06 of 1st period - Stopped by Akira Schmid without a rebound.
13:07 of 1st period - Mikael Pyyhtia wins face-off versus Dylan Holloway in NEW HAVEN WARTHOGS zone.
13:07 of 1st period - Mikael Pyyhtia is hit by Jordan Greenway.
13:17 of 1st period - Shot by Steven Lorentz.
13:17 of 1st period - Stopped by Spencer Knight without a rebound.
13:18 of 1st period - Aliaksei Protas wins face-off versus Mason Shaw in ATLANTIC CITY RIVERKINGS zone.
13:49 of 1st period - Shot by Rasmus Asplund.
13:49 of 1st period - Shot Misses the Net.
13:51 of 1st period - Shot by Rasmus Asplund.
13:51 of 1st period - Shot Misses the Net.
14:32 of 1st period - Shot by Phillip DiGiuseppe.
14:32 of 1st period - Stopped by Akira Schmid without a rebound.
14:33 of 1st period - Dylan Holloway wins face-off versus Mark Kastelic in NEW HAVEN WARTHOGS zone.
14:48 of 1st period - Off-side.
14:49 of 1st period - John Beecher wins face-off versus Aliaksei Protas in neutral zone.
14:58 of 1st period - Shot by Hudson Fasching.
14:58 of 1st period - Shot Misses the Net.
15:42 of 1st period - Shot by Steven Lorentz.
15:42 of 1st period - Stopped by Spencer Knight with a rebound.
15:48 of 1st period - Shot by Steven Lorentz.
15:48 of 1st period - Stopped by Spencer Knight without a rebound.
15:49 of 1st period - Karson Kuhlman wins face-off versus Mark Kastelic in ATLANTIC CITY RIVERKINGS zone.
15:53 of 1st period - Off-side.
15:54 of 1st period - Mikael Pyyhtia wins face-off versus Dylan Holloway in neutral zone.
16:17 of 1st period - Shot by Drew O'Connor.
16:17 of 1st period - Shot Blocked by Steven Lorentz.
16:19 of 1st period - Shot by Jordan Greenway.
16:19 of 1st period - Shot Misses the Net.
16:21 of 1st period - Shot by Jordan Greenway.
16:21 of 1st period - Stopped by Akira Schmid without a rebound.
16:22 of 1st period - Mark Kastelic wins face-off versus Nathan Walker in NEW HAVEN WARTHOGS zone.
16:52 of 1st period - Phillip DiGiuseppe is hit by William Lagesson and loses puck.
17:15 of 1st period - Shot by Hudson Fasching.
17:15 of 1st period - Shot Blocked by Henry Thrun.
17:21 of 1st period - Shot by Mason Shaw.
17:21 of 1st period - Stopped by Akira Schmid without a rebound.
17:22 of 1st period - Aliaksei Protas wins face-off versus Dylan Holloway in NEW HAVEN WARTHOGS zone.
17:27 of 1st period - Shot by Filip Zadina.
17:27 of 1st period - Shot Misses the Net.
17:29 of 1st period - Shot by Nicklaus Perbix.
17:29 of 1st period - Shot Misses the Net.
17:31 of 1st period - Shot by Aliaksei Protas.
17:31 of 1st period - Shot Misses the Net.
17:33 of 1st period - Shot by Declan Carlile.
17:33 of 1st period - Stopped by Spencer Knight without a rebound.
17:34 of 1st period - John Beecher wins face-off versus Mikael Pyyhtia in ATLANTIC CITY RIVERKINGS zone.
18:44 of 1st period - Icing by Declan Carlile.
18:45 of 1st period - Karson Kuhlman wins face-off versus Mikael Pyyhtia in NEW HAVEN WARTHOGS zone.
18:55 of 1st period - Shot by Nathan Walker.
18:55 of 1st period - Shot Misses the Net.
18:57 of 1st period - Shot by Karson Kuhlman.
18:57 of 1st period - Shot Misses the Net.
19:04 of 1st period - Minor Penalty to Nathan Walker for Hooking.
19:05 of 1st period - Jordan Greenway wins face-off versus Aliaksei Protas in ATLANTIC CITY RIVERKINGS zone.
19:28 of 1st period - Shot by Aliaksei Protas.
19:28 of 1st period - Stopped by Spencer Knight without a rebound.
19:29 of 1st period - Jordan Greenway wins face-off versus Rasmus Asplund in ATLANTIC CITY RIVERKINGS zone.
19:46 of 1st period - Shot by Hudson Fasching.
19:46 of 1st period - Stopped by Akira Schmid without a rebound.
19:47 of 1st period - Ryan Suzuki wins face-off versus Drew O'Connor in NEW HAVEN WARTHOGS zone.
19:52 of 1st period - Drew O'Connor is hit by Mark Kastelic and loses puck.
Goals for this period are 1 for ATLANTIC CITY RIVERKINGS vs 0 for NEW HAVEN WARTHOGS.
Shots for this period are 17 for ATLANTIC CITY RIVERKINGS vs 12 for NEW HAVEN WARTHOGS.

2nd period


0:01 of 2nd period - Steven Lorentz wins face-off versus Jordan Greenway in neutral zone.
0:16 of 2nd period - Shot by Nicklaus Perbix.
0:16 of 2nd period - Stopped by Spencer Knight without a rebound.
0:17 of 2nd period - Jordan Greenway wins face-off versus Aliaksei Protas in ATLANTIC CITY RIVERKINGS zone.
0:22 of 2nd period - William Lagesson is hit by Hudson Fasching and loses puck.
0:34 of 2nd period - Icing by Filip Zadina.
0:35 of 2nd period - Phillip DiGiuseppe wins face-off versus Aliaksei Protas in NEW HAVEN WARTHOGS zone.
0:40 of 2nd period - Icing by Rasmus Asplund.
0:41 of 2nd period - Aliaksei Protas wins face-off versus Jordan Greenway in NEW HAVEN WARTHOGS zone.
0:41 of 2nd period - Aliaksei Protas is hit by Hudson Fasching.
1:06 of 2nd period - Minor Penalty to Mark Kastelic for Tripping.
1:07 of 2nd period - Steven Lorentz wins face-off versus Nathan Walker in NEW HAVEN WARTHOGS zone.
1:40 of 2nd period - Off-side.
1:41 of 2nd period - Aliaksei Protas wins face-off versus Mason Shaw in neutral zone.
3:00 of 2nd period - Shot by Ben Harpur.
3:00 of 2nd period - Stopped by Akira Schmid without a rebound.
3:01 of 2nd period - Aliaksei Protas wins face-off versus Karson Kuhlman in NEW HAVEN WARTHOGS zone.
3:09 of 2nd period - Icing by Drew O'Connor.
3:10 of 2nd period - Jordan Greenway wins face-off versus Justin Bailey in ATLANTIC CITY RIVERKINGS zone.
3:15 of 2nd period - Icing by Ilya Solovyov.
3:16 of 2nd period - Aliaksei Protas wins face-off versus Dylan Holloway in ATLANTIC CITY RIVERKINGS zone.
3:33 of 2nd period - Shot by Dylan Holloway.
3:33 of 2nd period - Deflect By Jordan Greenway.
3:33 of 2nd period - Shot Misses the Net.
4:03 of 2nd period - Shot by Nathan Walker.
4:03 of 2nd period - Stopped by Akira Schmid with a rebound.
4:05 of 2nd period - Shot by Nathan Walker.
4:05 of 2nd period - Shot Misses the Net.
4:12 of 2nd period - Icing by Rasmus Asplund.
4:13 of 2nd period - John Beecher wins face-off versus Aliaksei Protas in NEW HAVEN WARTHOGS zone.
4:33 of 2nd period - Shot by Carsen Twarynski.
4:33 of 2nd period - Shot Misses the Net.
4:38 of 2nd period - Filip Zadina is hit by John Beecher and loses puck.
4:39 of 2nd period - Minor Penalty to John Beecher for Slashing.
4:40 of 2nd period - Steven Lorentz wins face-off versus Nathan Walker in ATLANTIC CITY RIVERKINGS zone.
4:45 of 2nd period - Shot by Nicklaus Perbix.
4:45 of 2nd period - Stopped by Spencer Knight with a rebound.
4:47 of 2nd period - Shot by Nicklaus Perbix.
4:47 of 2nd period - Stopped by Spencer Knight without a rebound.
4:48 of 2nd period - Steven Lorentz wins face-off versus Jordan Greenway in ATLANTIC CITY RIVERKINGS zone.
4:53 of 2nd period - Shot by Brendan Gallagher.
4:53 of 2nd period - Goal by Brendan Gallagher - ATLANTIC CITY RIVERKINGS : 1 - NEW HAVEN WARTHOGS : 1.
4:54 of 2nd period - Steven Lorentz wins face-off versus Karson Kuhlman in neutral zone.
5:21 of 2nd period - Shot by Karson Kuhlman.
5:21 of 2nd period - Shot Misses the Net.
5:23 of 2nd period - Shot by Nathan Walker.
5:23 of 2nd period - Shot Blocked by Nicklaus Perbix.
5:25 of 2nd period - Shot by Nathan Walker.
5:25 of 2nd period - Shot Blocked by Steven Lorentz.
5:57 of 2nd period - Jordan Greenway is hit by Mikael Pyyhtia and loses puck.
6:08 of 2nd period - Joel Teasdale is hit by Mason Shaw and loses puck.
6:44 of 2nd period - Off-side.
6:45 of 2nd period - Aliaksei Protas wins face-off versus Karson Kuhlman in neutral zone.
7:34 of 2nd period - Icing by Nicklaus Perbix.
7:35 of 2nd period - John Beecher wins face-off versus Aliaksei Protas in NEW HAVEN WARTHOGS zone.
7:43 of 2nd period - Icing by Nicklaus Perbix.
7:44 of 2nd period - Aliaksei Protas wins face-off versus Dylan Holloway in NEW HAVEN WARTHOGS zone.
7:44 of 2nd period - Aliaksei Protas is hit by Drew O'Connor.
8:14 of 2nd period - Minor Penalty to Ben Harpur for Slashing.
8:15 of 2nd period - Steven Lorentz wins face-off versus Jordan Greenway in ATLANTIC CITY RIVERKINGS zone.
9:02 of 2nd period - Off-side.
9:03 of 2nd period - Nathan Walker wins face-off versus Aliaksei Protas in neutral zone.
9:06 of 2nd period - Filip Zadina is hit by Nathan Walker and loses puck.
9:28 of 2nd period - Shot by Rasmus Asplund.
9:28 of 2nd period - Stopped by Spencer Knight without a rebound.
9:29 of 2nd period - Steven Lorentz wins face-off versus Drew O'Connor in ATLANTIC CITY RIVERKINGS zone.
9:36 of 2nd period - Shot by Brendan Gallagher.
9:36 of 2nd period - Deflect By Steven Lorentz.
9:36 of 2nd period - Shot Misses the Net.
9:38 of 2nd period - Shot by Mark Kastelic.
9:38 of 2nd period - Shot Hit the Post.
9:44 of 2nd period - Shot by Steven Lorentz.
9:44 of 2nd period - Shot Misses the Net.
9:46 of 2nd period - Shot by Steven Lorentz.
9:46 of 2nd period - Stopped by Spencer Knight without a rebound.
9:47 of 2nd period - Nathan Walker wins face-off versus Aliaksei Protas in ATLANTIC CITY RIVERKINGS zone.
10:19 of 2nd period - Shot by Mikael Pyyhtia.
10:19 of 2nd period - Deflect By Steven Lorentz.
10:19 of 2nd period - Stopped by Spencer Knight without a rebound.
10:20 of 2nd period - Dylan Holloway wins face-off versus Mark Kastelic in ATLANTIC CITY RIVERKINGS zone.
10:41 of 2nd period - Shot by Jordan Greenway.
10:41 of 2nd period - Stopped by Akira Schmid without a rebound.
10:42 of 2nd period - John Beecher wins face-off versus Mikael Pyyhtia in NEW HAVEN WARTHOGS zone.
11:05 of 2nd period - Shot by Hudson Fasching.
11:05 of 2nd period - Shot Misses the Net.
11:07 of 2nd period - Shot by Hudson Fasching.
11:07 of 2nd period - Shot Misses the Net.
11:11 of 2nd period - Shot by Hudson Fasching.
11:11 of 2nd period - Deflect By John Beecher.
11:11 of 2nd period - Stopped by Akira Schmid without a rebound.
11:12 of 2nd period - Karson Kuhlman wins face-off versus Mark Kastelic in NEW HAVEN WARTHOGS zone.
11:28 of 2nd period - Minor Penalty to Nicklaus Perbix for High sticking.
11:29 of 2nd period - Steven Lorentz wins face-off versus Mason Shaw in NEW HAVEN WARTHOGS zone.
11:43 of 2nd period - Off-side.
11:44 of 2nd period - Nathan Walker wins face-off versus Steven Lorentz in neutral zone.
12:13 of 2nd period - Shot by Phillip DiGiuseppe.
12:13 of 2nd period - Stopped by Akira Schmid without a rebound.
12:14 of 2nd period - Mason Shaw wins face-off versus Aliaksei Protas in NEW HAVEN WARTHOGS zone.
12:15 of 2nd period - Shot by Jordan Greenway.
12:15 of 2nd period - Shot Misses the Net.
12:17 of 2nd period - Shot by Mason Shaw.
12:17 of 2nd period - Shot Misses the Net.
12:43 of 2nd period - Shot by Mason Shaw.
12:43 of 2nd period - Shot Misses the Net.
12:45 of 2nd period - Shot by Hudson Fasching.
12:45 of 2nd period - Goal by Hudson Fasching - ATLANTIC CITY RIVERKINGS : 2 - NEW HAVEN WARTHOGS : 1.
12:46 of 2nd period - Mikael Pyyhtia wins face-off versus Karson Kuhlman in neutral zone.
12:51 of 2nd period - Shot by Joel Teasdale.
12:51 of 2nd period - Shot Misses the Net.
13:12 of 2nd period - Shot by Steven Lorentz.
13:12 of 2nd period - Stopped by Spencer Knight with a rebound.
13:36 of 2nd period - Shot by Drew O'Connor.
13:36 of 2nd period - Shot Misses the Net.
13:38 of 2nd period - Shot by Drew O'Connor.
13:38 of 2nd period - Stopped by Akira Schmid without a rebound.
13:39 of 2nd period - Filip Zadina wins face-off versus Mason Shaw in NEW HAVEN WARTHOGS zone.
13:46 of 2nd period - Shot by Hudson Fasching.
13:46 of 2nd period - Goal by Hudson Fasching - ATLANTIC CITY RIVERKINGS : 3 - NEW HAVEN WARTHOGS : 1.
13:47 of 2nd period - Mark Kastelic wins face-off versus John Beecher in neutral zone.
14:04 of 2nd period - Shot by Hudson Fasching.
14:04 of 2nd period - Stopped by Akira Schmid without a rebound.
14:05 of 2nd period - Jordan Greenway wins face-off versus Aliaksei Protas in NEW HAVEN WARTHOGS zone.
14:16 of 2nd period - Shot by Drew O'Connor.
14:16 of 2nd period - Deflect By Jordan Greenway.
14:16 of 2nd period - Stopped by Akira Schmid without a rebound.
14:17 of 2nd period - Max Ellis wins face-off versus Mason Shaw in NEW HAVEN WARTHOGS zone.
14:27 of 2nd period - Shot by Hudson Fasching.
14:27 of 2nd period - Stopped by Akira Schmid without a rebound.
14:28 of 2nd period - Aliaksei Protas wins face-off versus Karson Kuhlman in NEW HAVEN WARTHOGS zone.
14:28 of 2nd period - Aliaksei Protas is hit by Nathan Walker.
15:31 of 2nd period - Minor Penalty to William Lagesson for Roughing.
15:32 of 2nd period - Steven Lorentz wins face-off versus Mason Shaw in NEW HAVEN WARTHOGS zone.
16:27 of 2nd period - Shot by Karson Kuhlman.
16:27 of 2nd period - Shot Misses the Net.
16:29 of 2nd period - Shot by Ben Harpur.
16:29 of 2nd period - Shot Misses the Net.
16:31 of 2nd period - Shot by Ben Harpur.
16:31 of 2nd period - Goal by Ben Harpur - ATLANTIC CITY RIVERKINGS : 4 - NEW HAVEN WARTHOGS : 1.
16:32 of 2nd period - Mark Kastelic wins face-off versus Dylan Holloway in neutral zone.
16:51 of 2nd period - Shot by Mark Kastelic.
16:51 of 2nd period - Shot Misses the Net.
16:59 of 2nd period - Shot by Justin Bailey.
16:59 of 2nd period - Shot Misses the Net.
17:01 of 2nd period - Shot by Mark Kastelic.
17:01 of 2nd period - Stopped by Spencer Knight without a rebound.
17:02 of 2nd period - Aliaksei Protas wins face-off versus John Beecher in ATLANTIC CITY RIVERKINGS zone.
17:09 of 2nd period - Shot by Rasmus Asplund.
17:09 of 2nd period - Shot Misses the Net.
17:11 of 2nd period - Shot by Aliaksei Protas.
17:11 of 2nd period - Shot Misses the Net.
17:19 of 2nd period - Shot by Rasmus Asplund.
17:19 of 2nd period - Shot Blocked by Jalen Chatfield.
17:21 of 2nd period - Shot by Aliaksei Protas.
17:21 of 2nd period - Stopped by Spencer Knight without a rebound.
17:22 of 2nd period - Mikael Pyyhtia wins face-off versus Karson Kuhlman in ATLANTIC CITY RIVERKINGS zone.
17:41 of 2nd period - Shot by Nathan Walker.
17:41 of 2nd period - Stopped by Akira Schmid without a rebound.
17:42 of 2nd period - John Beecher wins face-off versus Filip Zadina in NEW HAVEN WARTHOGS zone.
17:42 of 2nd period - John Beecher is hit by Dean Stewart.
18:36 of 2nd period - Nick Cicek is hit by Mark Kastelic and loses puck.
19:01 of 2nd period - Shot by Mark Kastelic.
19:01 of 2nd period - Deflect By Justin Bailey.
19:01 of 2nd period - Shot Misses the Net.
19:10 of 2nd period - Icing by Karson Kuhlman.
19:11 of 2nd period - Karson Kuhlman wins face-off versus Mikael Pyyhtia in ATLANTIC CITY RIVERKINGS zone.
19:35 of 2nd period - Shot by Steven Lorentz.
19:35 of 2nd period - Stopped by Spencer Knight without a rebound.
19:36 of 2nd period - Aliaksei Protas wins face-off versus Dylan Holloway in ATLANTIC CITY RIVERKINGS zone.
19:36 of 2nd period - Filip Zadina is hit by Ben Harpur and loses puck.
19:46 of 2nd period - Rasmus Asplund is hit by Dillon Heatherington and loses puck.
19:51 of 2nd period - Shot by Filip Zadina.
19:51 of 2nd period - Shot Blocked by Dillon Heatherington.
19:53 of 2nd period - Shot by Rasmus Asplund.
19:53 of 2nd period - Goal by Rasmus Asplund - ATLANTIC CITY RIVERKINGS : 4 - NEW HAVEN WARTHOGS : 2.
19:54 of 2nd period - Steven Lorentz wins face-off versus Mason Shaw in neutral zone.
Goals for this period are 3 for ATLANTIC CITY RIVERKINGS vs 2 for NEW HAVEN WARTHOGS.
Shots for this period are 13 for ATLANTIC CITY RIVERKINGS vs 12 for NEW HAVEN WARTHOGS.

3rd period


0:01 of 3rd period - Steven Lorentz wins face-off versus Mason Shaw in neutral zone.
0:06 of 3rd period - Shot by Steven Lorentz.
0:06 of 3rd period - Shot Hit the Post.
0:08 of 3rd period - Shot by Brendan Gallagher.
0:08 of 3rd period - Stopped by Spencer Knight with a rebound.
0:10 of 3rd period - Shot by Nicklaus Perbix.
0:10 of 3rd period - Shot Misses the Net.
0:26 of 3rd period - Shot by Mark Kastelic.
0:26 of 3rd period - Shot Misses the Net.
0:28 of 3rd period - Shot by Mark Kastelic.
0:28 of 3rd period - Shot Misses the Net.
0:30 of 3rd period - Shot by Steven Lorentz.
0:30 of 3rd period - Stopped by Spencer Knight without a rebound.
0:31 of 3rd period - Rasmus Asplund wins face-off versus Karson Kuhlman in ATLANTIC CITY RIVERKINGS zone.
0:46 of 3rd period - Shot by Rasmus Asplund.
0:46 of 3rd period - Stopped by Spencer Knight with a rebound.
0:48 of 3rd period - Shot by Rasmus Asplund.
0:48 of 3rd period - Deflect By Aliaksei Protas.
0:48 of 3rd period - Stopped by Spencer Knight without a rebound.
0:49 of 3rd period - Mark Kastelic wins face-off versus Dylan Holloway in ATLANTIC CITY RIVERKINGS zone.
0:54 of 3rd period - Shot by Mark Kastelic.
0:54 of 3rd period - Stopped by Spencer Knight with a rebound.
1:03 of 3rd period - Drew O'Connor is hit by William Lagesson and loses puck.
1:11 of 3rd period - Minor Penalty to Dean Stewart for Hooking.
1:12 of 3rd period - Steven Lorentz wins face-off versus Karson Kuhlman in NEW HAVEN WARTHOGS zone.
1:12 of 3rd period - Brendan Gallagher is hit by Karson Kuhlman and loses puck.
3:09 of 3rd period - Icing by Nathan Walker.
3:10 of 3rd period - Steven Lorentz wins face-off versus Karson Kuhlman in ATLANTIC CITY RIVERKINGS zone.
3:11 of 3rd period - Shot by Brendan Gallagher.
3:11 of 3rd period - Shot Misses the Net.
3:17 of 3rd period - Shot by Drew O'Connor.
3:17 of 3rd period - Stopped by Akira Schmid with a rebound.
3:19 of 3rd period - Shot by Ilya Solovyov.
3:19 of 3rd period - Stopped by Akira Schmid without a rebound.
3:20 of 3rd period - John Beecher wins face-off versus Mikael Pyyhtia in NEW HAVEN WARTHOGS zone.
3:27 of 3rd period - Shot by Hudson Fasching.
3:27 of 3rd period - Shot Misses the Net.
3:29 of 3rd period - Shot by Carsen Twarynski.
3:29 of 3rd period - Shot Misses the Net.
3:31 of 3rd period - Shot by John Beecher.
3:31 of 3rd period - Stopped by Akira Schmid without a rebound.
3:32 of 3rd period - Dylan Holloway wins face-off versus Mark Kastelic in NEW HAVEN WARTHOGS zone.
3:52 of 3rd period - Dylan Holloway is hit by William Lagesson and loses puck.
4:18 of 3rd period - Hudson Fasching is hit by William Lagesson and loses puck.
4:36 of 3rd period - Filip Zadina is hit by Nick Cicek and loses puck.
4:39 of 3rd period - Shot by Filip Zadina.
4:39 of 3rd period - Shot Misses the Net.
4:41 of 3rd period - Shot by Filip Zadina.
4:41 of 3rd period - Stopped by Spencer Knight without a rebound.
4:42 of 3rd period - Mikael Pyyhtia wins face-off versus Karson Kuhlman in ATLANTIC CITY RIVERKINGS zone.
5:14 of 3rd period - Shot by Joel Teasdale.
5:14 of 3rd period - Stopped by Spencer Knight without a rebound.
5:15 of 3rd period - Aliaksei Protas wins face-off versus Mason Shaw in ATLANTIC CITY RIVERKINGS zone.
5:40 of 3rd period - Shot by Rasmus Asplund.
5:40 of 3rd period - Stopped by Spencer Knight without a rebound.
5:41 of 3rd period - Steven Lorentz wins face-off versus Karson Kuhlman in ATLANTIC CITY RIVERKINGS zone.
5:52 of 3rd period - Shot by Nathan Walker.
5:52 of 3rd period - Deflect By Phillip DiGiuseppe.
5:52 of 3rd period - Stopped by Akira Schmid without a rebound.
5:53 of 3rd period - Aliaksei Protas wins face-off versus Dylan Holloway in NEW HAVEN WARTHOGS zone.
6:02 of 3rd period - Shot by Jordan Greenway.
6:02 of 3rd period - Shot Hit the Post.
6:04 of 3rd period - Shot by Drew O'Connor.
6:04 of 3rd period - Stopped by Akira Schmid without a rebound.
6:05 of 3rd period - Steven Lorentz wins face-off versus Karson Kuhlman in NEW HAVEN WARTHOGS zone.
6:05 of 3rd period - Steven Lorentz is hit by Nathan Walker.
6:17 of 3rd period - Shot by Mark Kastelic.
6:17 of 3rd period - Stopped by Spencer Knight without a rebound.
6:18 of 3rd period - Aliaksei Protas wins face-off versus Mason Shaw in ATLANTIC CITY RIVERKINGS zone.
6:18 of 3rd period - Aliaksei Protas is hit by Trevor Carrick.
6:19 of 3rd period - Minor Penalty to Trevor Carrick for Hooking.
6:20 of 3rd period - Jordan Greenway wins face-off versus Aliaksei Protas in ATLANTIC CITY RIVERKINGS zone.
6:35 of 3rd period - Shot by Aliaksei Protas.
6:35 of 3rd period - Deflect By Rasmus Asplund.
6:35 of 3rd period - Stopped by Spencer Knight without a rebound.
6:36 of 3rd period - Steven Lorentz wins face-off versus Jordan Greenway in ATLANTIC CITY RIVERKINGS zone.
6:53 of 3rd period - Shot by Brendan Gallagher.
6:53 of 3rd period - Stopped by Spencer Knight without a rebound.
6:54 of 3rd period - Jordan Greenway wins face-off versus Aliaksei Protas in ATLANTIC CITY RIVERKINGS zone.
6:54 of 3rd period - Hudson Fasching is hit by Aliaksei Protas.
7:04 of 3rd period - Shot by Filip Zadina.
7:04 of 3rd period - Shot Blocked by Jalen Chatfield.
7:08 of 3rd period - Shot by Aliaksei Protas.
7:08 of 3rd period - Stopped by Spencer Knight without a rebound.
7:09 of 3rd period - Nathan Walker wins face-off versus Steven Lorentz in ATLANTIC CITY RIVERKINGS zone.
7:15 of 3rd period - Icing by Steven Lorentz.
7:16 of 3rd period - Steven Lorentz wins face-off versus Jordan Greenway in NEW HAVEN WARTHOGS zone.
8:08 of 3rd period - Icing by Nicklaus Perbix.
8:09 of 3rd period - Aliaksei Protas wins face-off versus Nathan Walker in NEW HAVEN WARTHOGS zone.
8:30 of 3rd period - Shot by Joel Teasdale.
8:30 of 3rd period - Shot Misses the Net.
8:37 of 3rd period - Shot by Steven Lorentz.
8:37 of 3rd period - Shot Misses the Net.
8:59 of 3rd period - Icing by Declan Carlile.
9:00 of 3rd period - Mikael Pyyhtia wins face-off versus Dylan Holloway in NEW HAVEN WARTHOGS zone.
9:27 of 3rd period - Henry Thrun is hit by Drew O'Connor and loses puck.
9:39 of 3rd period - Filip Zadina is hit by Ilya Solovyov.
9:47 of 3rd period - Henry Thrun is hit by Jordan Greenway.
10:08 of 3rd period - Off-side.
10:09 of 3rd period - Mark Kastelic wins face-off versus John Beecher in neutral zone.
10:09 of 3rd period - Max Ellis is hit by John Beecher and loses puck.
10:23 of 3rd period - Shot by Hudson Fasching.
10:23 of 3rd period - Shot Blocked by Mark Kastelic.
10:25 of 3rd period - Shot by Hudson Fasching.
10:25 of 3rd period - Stopped by Akira Schmid without a rebound.
10:26 of 3rd period - Justin Bailey wins face-off versus Karson Kuhlman in NEW HAVEN WARTHOGS zone.
10:46 of 3rd period - Phillip DiGiuseppe is hit by Declan Carlile and loses puck.
10:51 of 3rd period - Shot by Karson Kuhlman.
10:51 of 3rd period - Shot Blocked by Declan Carlile.
10:53 of 3rd period - Shot by Phillip DiGiuseppe.
10:53 of 3rd period - Stopped by Akira Schmid without a rebound.
10:54 of 3rd period - John Beecher wins face-off versus Mikael Pyyhtia in NEW HAVEN WARTHOGS zone.
10:57 of 3rd period - Shot by Hudson Fasching.
10:57 of 3rd period - Shot Misses the Net.
10:59 of 3rd period - Shot by Hudson Fasching.
10:59 of 3rd period - Shot Misses the Net.
11:01 of 3rd period - Shot by Ben Harpur.
11:01 of 3rd period - Stopped by Akira Schmid without a rebound.
11:02 of 3rd period - John Beecher wins face-off versus Aliaksei Protas in NEW HAVEN WARTHOGS zone.
11:11 of 3rd period - Shot by Hudson Fasching.
11:11 of 3rd period - Stopped by Akira Schmid with a rebound.
11:25 of 3rd period - Icing by Aliaksei Protas.
11:26 of 3rd period - Aliaksei Protas wins face-off versus Karson Kuhlman in NEW HAVEN WARTHOGS zone.
11:26 of 3rd period - Aliaksei Protas is hit by Nathan Walker.
11:29 of 3rd period - Rasmus Asplund is hit by Phillip DiGiuseppe and loses puck.
12:19 of 3rd period - Shot by Mark Kastelic.
12:19 of 3rd period - Stopped by Spencer Knight without a rebound.
12:20 of 3rd period - Jordan Greenway wins face-off versus Mark Kastelic in ATLANTIC CITY RIVERKINGS zone.
12:20 of 3rd period - Mason Shaw is hit by Mark Kastelic and loses puck.
12:46 of 3rd period - Shot by Jordan Greenway.
12:46 of 3rd period - Stopped by Akira Schmid without a rebound.
12:47 of 3rd period - Dylan Holloway wins face-off versus Mikael Pyyhtia in NEW HAVEN WARTHOGS zone.
12:50 of 3rd period - Shot by Drew O'Connor.
12:50 of 3rd period - Shot Misses the Net.
12:52 of 3rd period - Shot by Ilya Solovyov.
12:52 of 3rd period - Goal by Ilya Solovyov - ATLANTIC CITY RIVERKINGS : 5 - NEW HAVEN WARTHOGS : 2.
12:53 of 3rd period - Carsen Twarynski wins face-off versus Mikael Pyyhtia in neutral zone.
13:06 of 3rd period - Shot by Joel Teasdale.
13:06 of 3rd period - Shot Misses the Net.
13:08 of 3rd period - Shot by William Lagesson.
13:08 of 3rd period - Shot Misses the Net.
13:27 of 3rd period - Shot by Mikael Pyyhtia.
13:27 of 3rd period - Shot Misses the Net.
13:29 of 3rd period - Shot by Steven Lorentz.
13:29 of 3rd period - Stopped by Spencer Knight without a rebound.
13:30 of 3rd period - Mark Kastelic wins face-off versus Dylan Holloway in ATLANTIC CITY RIVERKINGS zone.
13:47 of 3rd period - Shot by Jordan Greenway.
13:47 of 3rd period - Shot Misses the Net.
13:49 of 3rd period - Shot by Jordan Greenway.
13:49 of 3rd period - Deflect By Drew O'Connor.
13:49 of 3rd period - Shot Misses the Net.
13:57 of 3rd period - Shot by Dylan Holloway.
13:57 of 3rd period - Shot Blocked by Nicklaus Perbix.
13:59 of 3rd period - Shot by Jalen Chatfield.
13:59 of 3rd period - Shot Misses the Net.
14:01 of 3rd period - Shot by Jordan Greenway.
14:01 of 3rd period - Goal by Jordan Greenway - ATLANTIC CITY RIVERKINGS : 6 - NEW HAVEN WARTHOGS : 2.
14:02 of 3rd period - Rasmus Asplund wins face-off versus Karson Kuhlman in neutral zone.
14:06 of 3rd period - Double Minor Penalty to Aliaksei Protas for Slashing.
14:06 of 3rd period - Minor Penalty to Dillon Heatherington for Holding.
14:07 of 3rd period - Steven Lorentz wins face-off versus Jordan Greenway in ATLANTIC CITY RIVERKINGS zone.
14:31 of 3rd period - Shot by Brendan Gallagher.
14:31 of 3rd period - Shot Blocked by Ben Harpur.
14:59 of 3rd period - Shot by Phillip DiGiuseppe.
14:59 of 3rd period - Shot Misses the Net.
15:05 of 3rd period - Nathan Walker is hit by Ryan Suzuki and loses puck.
15:26 of 3rd period - Shot by Ryan Suzuki.
15:26 of 3rd period - Shot Misses the Net.
15:28 of 3rd period - Shot by Rasmus Asplund.
15:28 of 3rd period - Shot Misses the Net.
15:37 of 3rd period - Icing by Jalen Chatfield.
15:38 of 3rd period - Steven Lorentz wins face-off versus Nathan Walker in ATLANTIC CITY RIVERKINGS zone.
15:43 of 3rd period - Shot by Steven Lorentz.
15:43 of 3rd period - Stopped by Spencer Knight without a rebound.
15:44 of 3rd period - Jordan Greenway wins face-off versus Steven Lorentz in ATLANTIC CITY RIVERKINGS zone.
17:49 of 3rd period - Shot by Mason Shaw.
17:49 of 3rd period - Stopped by Akira Schmid with a rebound.
17:57 of 3rd period - Shot by Cole Reinhardt.
17:57 of 3rd period - Deflect By Mason Shaw.
17:57 of 3rd period - Shot Misses the Net.
18:08 of 3rd period - Minor Penalty to Ilya Solovyov for Elbowing.
18:09 of 3rd period - Aliaksei Protas wins face-off versus Hudson Fasching in ATLANTIC CITY RIVERKINGS zone.
18:35 of 3rd period - Shot by Filip Zadina.
18:35 of 3rd period - Shot Misses the Net.
19:32 of 3rd period - Shot by Joel Teasdale.
19:32 of 3rd period - Shot Blocked by Trevor Carrick.
19:34 of 3rd period - Shot by Mark Kastelic.
19:34 of 3rd period - Shot Misses the Net.
Goals for this period are 2 for ATLANTIC CITY RIVERKINGS vs 0 for NEW HAVEN WARTHOGS.
Shots for this period are 13 for ATLANTIC CITY RIVERKINGS vs 15 for NEW HAVEN WARTHOGS.
0:00 - Icing by Dean Stewart.